 Dungeon Crawl Stone Soup version 0.24.1-14-gf8d2b509d9 (webtiles) character file.

Game seed: 13959853798571299382, levelgen mode: deterministic

193 Gruesph the Vexing (level 5, 0/41 HPs)
             Began as a Gnoll Arcane Marksman on May 23, 2020.
             Slain by Grinder (6 damage)
             ... on level 3 of the Dungeon.
             The game lasted 00:09:50 (3467 turns).

Gruesph the Vexing (Gnoll Arcane Marksman)          Turns: 3467, Time: 00:09:51

Health: 0/41       AC:  8    Str: 14    XL:     5   Next: 72%
Magic:  9/9        EV:  7    Int: 15    God:
Gold:   105        SH:  4    Dex: 15    Spells: 9/10 levels left

rFire    . . .     SeeInvis .   a - +0 trident
rCold    . . .     Gourm    .   t - +0 buckler
rNeg     . . .     Faith    .   q - +0 chain mail
rPois    .         Spirit   .   (no helmet)
rElec    .         Reflect  .   (no cloak)
rCorr    .         Harm     .   (no gloves)
MR       .....                  (no boots)
Stlth    ..........             (no amulet)
HPRegen  0.13/turn              (no ring)
MPRegen  0.11/turn              (no ring)

@: no status effects
A: distributed training, fangs 1, strong nose
a: no special abilities


You were on level 3 of the Dungeon.
You were not hungry.

You visited 1 branch of the dungeon, and saw 3 of its levels.

You collected 105 gold pieces.

Inventory:

Hand Weapons
 a - a +0 trident (weapon)
 b - a +0 hunting sling
Missiles
 c - 4 javelins (quivered)
 h - 12 arrows
 m - 129 stones
Armour
 q - a +0 chain mail (worn)
 t - a +0 buckler (worn)
Jewellery
 j - a cursed amulet of the acrobat {unknown}
Scrolls
 i - a scroll of enchant weapon {unknown}
 k - a scroll of teleportation {unknown}
 r - a scroll of amnesia {unknown}
 s - 2 scrolls of remove curse {unknown}
Potions
 e - a potion of mutation {unknown}
 g - a potion of berserk rage {unknown}
 l - 2 potions of haste {unknown}
 n - 2 potions of curing {unknown}
 o - 3 potions of brilliance {unknown}
 p - a potion of heal wounds {unknown}
Comestibles
 f - 7 rations
 u - 2 chunks of flesh


   Skills:
 + Level 3.0 Fighting
 + Level 1.6 Short Blades
 + Level 1.6 Long Blades
 + Level 1.6 Axes
 + Level 1.6 Maces & Flails
 + Level 1.6 Polearms
 + Level 1.6 Staves
 + Level 1.6 Slings
 + Level 1.6 Bows
 + Level 1.6 Crossbows
 + Level 4.8 Throwing
 + Level 1.6 Armour
 + Level 4.8 Dodging
 + Level 1.6 Stealth
 + Level 1.6 Shields
 + Level 1.6 Unarmed Combat
 + Level 3.2 Spellcasting
 + Level 1.2 Conjurations
 + Level 5.5 Hexes
 + Level 1.2 Charms
 + Level 1.2 Summonings
 + Level 1.2 Necromancy
 + Level 1.2 Translocations
 + Level 1.2 Transmutations
 + Level 1.2 Fire Magic
 + Level 1.2 Ice Magic
 + Level 1.2 Air Magic
 + Level 1.2 Earth Magic
 + Level 1.2 Poison Magic
 + Level 1.8 Invocations
 + Level 1.6 Evocations


You had 9 spell levels left.
You knew the following spells:

 Your Spells              Type           Power        Failure   Level  Hunger
a - Corona                Hex            ###....      58%         1    #......

Your spell library contained the following spells:

 Spells                   Type           Power        Failure   Level  Hunger
 Slow                     Hex            ###.....     75%         2    ##.....
 Inner Flame              Hex/Fire       ##......     99%         3    ###....
 Portal Projectile        Hex/Tloc       ##....       99%         3    ###....
 Cause Fear               Hex            ###.......   100%        4    #####..
 Leda's Liquefaction      Hex/Erth       ##........   100%        4    #####..


Dungeon Overview and Level Annotations

Branches:
Dungeon (3/15)

Altars:
The Shining One

Annotations:
D:3 Grinder


Innate Abilities, Weirdness & Mutations

Your experience applies equally to all skills.
You have very sharp teeth.
Your uncanny sense of smell can sniff out nearby items.


Message History

Press: ? - help, Shift-Dir - straight line, f/p - Grinder
Aim: Grinder (moderately wounded)
You throw a javelin. The javelin pierces through Grinder.
Grinder is moderately wounded.
Grinder hits you but does no damage.
Quiver which item? (- for none, * to show all) (? for menu, Esc to quit)
Okay, then.
Unknown command.
You closely miss Grinder.
Grinder is moderately wounded.
Grinder hits you.
You writhe in agony.
Your shield and chain mail prevent you from hitting Grinder.
Grinder is moderately wounded.
Grinder hits you but does no damage.
Your chain mail prevents you from hitting Grinder.
Grinder is moderately wounded.
Grinder hits you!
* * * LOW HITPOINT WARNING * * *
You writhe in agony.
You die...

..##...#........##
##(..........###...
#...#####..........
#...# ###.########.
#...###...########.
#...##..........##.
#...###########....
#.5....# #####
#.@.# #.).#
#####...#
#...#..(#...
#.........#
#...#######
#.......#####
#...###.....### #
#...#
#####)..#########


You could see Grinder.

Vanquished Creatures
  Jessica (D:3)
  Terence (D:3)
  2 adders
  3 gnolls
  2 oozes
  3 worms
  2 dart slugs
  2 leopard geckos
  12 bats
  3 giant cockroaches
  10 hobgoblins
  3 jackals (D:2)
  2 quokkas
  6 frilled lizards
  5 goblins
  9 kobolds
  5 rats
71 creatures vanquished.

Notes
Turn   | Place    | Note
-------+----------+-------------------------------------------
     0 | D:1      | Gruesph the Gnoll Arcane Marksman began the quest for the
                  | Orb.
     0 | D:1      | Reached XP level 1. HP: 17/17 MP: 4/4
    31 | D:1      | Reached XP level 2. HP: 10/23 MP: 5/5
   467 | D:1      | Reached XP level 3. HP: 28/28 MP: 7/7
  1033 | D:2      | Reached skill level 1 in Invocations
  1419 | D:1      | Reached skill level 1 in Short Blades
  1419 | D:1      | Reached skill level 1 in Long Blades
  1419 | D:1      | Reached skill level 1 in Axes
  1419 | D:1      | Reached skill level 1 in Maces & Flails
  1419 | D:1      | Reached skill level 1 in Polearms
  1419 | D:1      | Reached skill level 1 in Staves
  1419 | D:1      | Reached skill level 1 in Slings
  1419 | D:1      | Reached skill level 1 in Bows
  1419 | D:1      | Reached skill level 1 in Crossbows
  1419 | D:1      | Reached skill level 1 in Armour
  1419 | D:1      | Reached skill level 1 in Stealth
  1419 | D:1      | Reached skill level 1 in Shields
  1419 | D:1      | Reached skill level 1 in Unarmed Combat
  1419 | D:1      | Reached skill level 1 in Evocations
  1419 | D:1      | Reached XP level 4. HP: 23/34 MP: 8/8
  1761 | D:2      | Found a glowing golden altar of the Shining One.
  2397 | D:3      | Reached skill level 1 in Conjurations
  2397 | D:3      | Reached skill level 1 in Charms
  2397 | D:3      | Reached skill level 1 in Summonings
  2397 | D:3      | Reached skill level 1 in Necromancy
  2397 | D:3      | Reached skill level 1 in Translocations
  2397 | D:3      | Reached skill level 1 in Transmutations
  2397 | D:3      | Reached skill level 1 in Fire Magic
  2397 | D:3      | Reached skill level 1 in Ice Magic
  2397 | D:3      | Reached skill level 1 in Air Magic
  2397 | D:3      | Reached skill level 1 in Earth Magic
  2397 | D:3      | Reached skill level 1 in Poison Magic
  2550 | D:3      | Noticed Jessica
  2553 | D:3      | Killed Jessica
  2553 | D:3      | Reached XP level 5. HP: 40/40 MP: 9/9
  2831 | D:3      | Noticed Terence
  3253 | D:3      | Killed Terence
  3440 | D:3      | Noticed Grinder
  3452 | D:3      | Paralysed by Grinder for 3 turns
  3467 | D:3      | Slain by Grinder

Levels and vault maps discovered:
D:1:      roderic_chinese_lattice_arrival, layout_rooms
D:2:      layout_loops_ring, tso_altar, first_ration, guppyfry_early_lair_pool
D:3:      layout_rooms, minivault_14, uniq_terence, uniq_grinder, uniq_jessica

Skill      XL: |  1  2  3  4  5 |
---------------+----------------+-----
Invocations    | 1 |  1.8
Short Blades   | 1 |  1.6
Long Blades    | 1 |  1.6
Axes           | 1 |  1.6
Maces & Flails | 1 |  1.6
Polearms       | 1 |  1.6
Staves         | 1 |  1.6
Slings         | 1 |  1.6
Bows           | 1 |  1.6
Crossbows      | 1 |  1.6
Armour         | 1 |  1.6
Stealth        | 1 |  1.6
Shields        | 1 |  1.6
Unarmed Combat | 1 |  1.6
Evocations     | 1 |  1.6
Spellcasting   | 3 |  3.2
Conjurations   | 1 |  1.2
Charms         | 1 |  1.2
Summonings     | 1 |  1.2
Necromancy     | 1 |  1.2
Translocations | 1 |  1.2
Transmutations | 1 |  1.2
Fire Magic     | 1 |  1.2
Ice Magic      | 1 |  1.2
Air Magic      | 1 |  1.2
Earth Magic    | 1 |  1.2
Poison Magic   | 1 |  1.2
Fighting       | 3 |  3.0
Throwing       | |  4.8
Dodging        | |  4.8
Hexes          | |  5.5

Action                   |  1- 3 |  4- 6 || total
-------------------------+-------+-------++-------
Melee: Unarmed           |    11 |       ||    11
       Bite              |    13 |     7 ||    20
       Spear             |   158 |    23 ||   181
       Trident           |       |    78 ||    78
 Fire: Hunting sling     |       |   102 ||   102
Throw: Javelin           |     8 |     1 ||     9
       Throwing net      |       |     2 ||     2
 Stab: Held in net/web   |       |     1 ||     1
  Eat: Chunk             |     2 |     6 ||     8
Armor: Robe              |     2 |       ||     2
       Chain mail        |    76 |    68 ||   144
Dodge: Dodged            |    59 |    58 ||   117
Block: Buckler           |       |    11 ||    11
